 Dungeon Crawl Stone Soup version 0.29.1-13-g9f3cf754e1 (webtiles) character file.

Game seed: 11792970518776388881

79 KittyFluff the Cudgeller (level 4, 0/28 HPs)
             Began as a Gargoyle Berserker on Jan 30, 2023.
             Was a Believer of Trog.
             Constricted to death by Natasha (7 damage)
             ... on level 2 of the Dungeon on Jan 31, 2023.
             The game lasted 00:06:22 (1633 turns).

KittyFluff the Cudgeller (Gargoyle Berserker)       Turns: 1633, Time: 00:06:22

Health: 0/28       AC:  6    Str: 20    XL:     4   Next: 38%
Magic:  4/4        EV:  7    Int:  8    God:    Trog [**....]
Gold:   71         SH:  6    Dex: 11    Spells: 3/3 levels left

rFire   . . .      SeeInvis .   a - +0 mace
rCold   . . .      Faith    .   k - +0 kite shield
rNeg    + . .      Spirit   .   i - +0 leather armour
rPois   ∞          Reflect  .   (no helmet)
rElec   +          Harm     .   (no cloak)
rCorr   .          Rampage  .   (no gloves)
Will    .....                   (no boots)
Stlth   +.........              (no amulet)
HPRegen 0.09/turn               (no ring)
MPRegen 0.09/turn               (no ring)

@: grasped by roots, constricted
A: sickness immunity, AC +3, negative energy resistance 1, electricity
resistance, torment resistance 1, petrification resistance
a: Renounce Religion, Berserk, Trog's Hand


You were on level 2 of the Dungeon.
You worshipped Trog.
Trog was pleased with you.
You visited 1 branch of the dungeon, and saw 2 of its levels.

You collected 71 gold pieces.

Inventory:

Hand Weapons
 a - a +0 mace (weapon)
Missiles
 g - 16 stones (quivered)
Armour
 i - a +0 leather armour (worn)
 k - a +0 kite shield (worn)
Jewellery
 e - a +6 ring of intelligence
Scrolls
 d - a scroll of torment {unknown}
 f - a scroll of poison {unknown}
 h - 2 scrolls of identify
 j - a scroll of teleportation {unknown}
Potions
 b - a potion of flight
 c - a potion of curing


   Skills:
 + Level 3.6 Fighting
 + Level 4.0 Maces & Flails
 * Level 2.8 Armour
 + Level 2.1 Dodging
 + Level 0.7 Stealth


You had 3 spell levels left.
You didn't know any spells.
Your spell library was empty.

Dungeon Overview and Level Annotations

Branches:
Dungeon (2/15)

Altars:

Annotations:
D:2 Natasha


Innate Abilities, Weirdness & Mutations

You are immune to sickness and miasma.
Your stone body is resilient. (AC +3)
You are immune to poison.
You resist negative energy. (rN+)
You are resistant to electric shocks. (rElec)
You are resistant to unholy torment.
You are immune to petrification.


Message History

Trog accepts your kill.
Your Maces & Flails skill increases to level 4!
Found 12 gold pieces.
You now have 71 gold pieces (gained 12).
Natasha, Servant of Life and Death comes into view.
She is carrying a wand of roots (8).
Natasha hisses angrily.
Natasha mumbles some strange words.
You thump Natasha!
Natasha is severely wounded.
You block Natasha's attack. Natasha claws you.
You barely miss Natasha.
Natasha is severely wounded.
Natasha barely misses you.
You hit Natasha.
Natasha is severely wounded.
Natasha zaps a wand.
The roots erupt in riotous growth!
The grasping roots grab you!
Natasha is unaffected.
The grasping roots constrict you. Natasha claws you.
The grasping roots constrict you.
You hear a shout!
You barely miss Natasha.
Natasha is severely wounded.
Natasha claws you. The grasping roots constrict you.
The grasping roots release their grip on you.
You hit Natasha.
Natasha is almost dead.
Natasha casts a spell at you. You resist with some effort.
You miss Natasha.
Natasha is almost dead.
Natasha stares at you and mumbles some strange words.
You resist with some effort.
Natasha zaps a wand.
The roots erupt in riotous growth!
The grasping roots grab you!
Natasha is unaffected.
The grasping roots constrict you.
* * * LOW HITPOINT WARNING * * *
You closely miss Natasha.
Natasha is almost dead.
You block Natasha's attack. The grasping roots constrict you!
You die...

#.#.###...##.# ....
#.#.####.###.##....
#.#..#...# #.##.###
#.##.#.### #.##.
#.# .#. #.##. #.#
.# #.# .#
#.##.#.####
#.@h5......
####.#.#### .# .#
.# .# .# .#


You could see Natasha and a white imp (summoned).

Vanquished Creatures
  Natasha (D:2)
  An adder (D:2)
  3 dart slugs (D:1)
  2 ball pythons
  A bat (D:2)
  4 endoplasms
  A giant cockroach (D:1)
  2 goblins (D:1)
  3 hobgoblins
  3 jackals (D:1)
  4 quokkas
  6 frilled lizards
  3 kobolds (D:1)
  6 rats
40 creatures vanquished.

Notes
Turn   | Place    | Note
-------+----------+-------------------------------------------
     0 | D:1      | KittyFluff the Gargoyle Berserker began the quest for the
                  | Orb.
     0 | D:1      | Reached XP level 1. HP: 14/14 MP: 1/1
   257 | D:1      | Reached XP level 2. HP: 8/19 MP: 2/2
   650 | D:1      | Reached XP level 3. HP: 22/23 MP: 3/3
   709 | D:1      | Reached ** piety under Trog
  1053 | D:2      | Noticed Natasha
  1063 | D:2      | Killed Natasha
  1064 | D:2      | Reached XP level 4. HP: 12/28 MP: 4/4
  1576 | D:2      | Reached skill level 4 in Maces & Flails
  1621 | D:2      | Noticed Natasha
  1633 | D:2      | Constricted to death by Natasha

Illustrated notes

Levels and vault maps discovered:
D:1:      shiori_arrival_maze, layout_basic
D:2:      layout_loops_ring, uniq_natasha

Skill      XL: |  1  2  3  4 |
---------------+-------------+-----
Dodging        | 2 |  2.1
Maces & Flails | 4 |  4.0
Fighting       | |  3.6
Armour         | |  2.8
Stealth        | |  0.7

Action                   |  1- 3 |  4- 6 || total
-------------------------+-------+-------++-------
Melee: Mace              |   103 |    40 ||   143
  Use: Scroll            |     2 |       ||     2
Armor: Leather armour    |    35 |    20 ||    55
       Animal skin       |     1 |       ||     1
Dodge: Dodged            |    64 |    24 ||    88
Block: Kite shield       |       |    10 ||    10
